 Dungeon Crawl Stone Soup version 0.25-a0-55-g0753fd1ad2 (webtiles) character file.

Game seed: 3445575903247847180, levelgen mode: deterministic

133 Donthurtboomboom the Chopper (level 5, -12/46 HPs)
             Began as a Hill Orc Fighter on Oct 25, 2019.
             Killed by divine providence
             ... invoked by an orc priest
              (17 damage)
             ... on level 3 of the Dungeon.
             The game lasted 00:15:31 (4137 turns).

Donthurtboomboom the Chopper (Hill Orc Fighter)     Turns: 4137, Time: 00:15:31

Health: -12/46     AC: 11    Str: 20    XL:     5   Next: 16%
Magic:  5/5        EV:  4    Int:  8    God:
Gold:   126        SH:  9    Dex: 10    Spells: 4/4 levels left

rFire    . . .     SeeInvis .   a - +0 war axe
rCold    . . .     Gourm    .   c - +0 shield
rNeg     . . .     Faith    .   r - +0 plate armour
rPois    .         Spirit   .   (no helmet)
rElec    .         Reflect  .   (no cloak)
rCorr    .         Harm     .   (no gloves)
MR       .....                  (no boots)
Stlth    ..........             (no amulet)
HPRegen  0.15/turn              (no ring)
MPRegen  0.09/turn              (no ring)

@: no status effects
A: no striking features
a: Convert to Beogh


You were on level 3 of the Dungeon.
You were not hungry.

You visited 1 branch of the dungeon, and saw 3 of its levels.

You collected 126 gold pieces.

Inventory:

Hand Weapons
 a - a +0 war axe (weapon)
 e - a +2 dagger of venom
Armour
 b - a +0 scale mail
 c - a +0 shield (worn)
 i - a +0 ring mail
 r - a +0 plate armour (worn)
Jewellery
 s - an uncursed ring of resist corrosion {unknown}
Scrolls
 g - 3 scrolls of identify
 h - a scroll of teleportation
 l - 3 scrolls of fog {unknown}
 m - a scroll of blinking {unknown}
 n - 2 scrolls of enchant weapon {unknown}
 o - 2 scrolls of enchant armour {unknown}
 p - a scroll of remove curse {unknown}
Potions
 d - a potion of might
 j - 2 potions of flight {unknown}
 k - 2 potions of haste {unknown}
Comestibles
 f - 3 rations


   Skills:
 + Level 4.2 Fighting
 + Level 4.5 Axes
 + Level 4.0 Armour
 + Level 0.2 Dodging
 + Level 0.1 Stealth
 + Level 4.3 Shields


You had 4 spell levels left.
You didn't know any spells.
Your spell library was empty.

Dungeon Overview and Level Annotations

Branches:
Dungeon (3/15)

Altars:
Hepliaklqana
Qazlal


Message History

The orc priest is severely wounded.
You block the orc priest's attack.
Your plate armour prevents you from hitting the orc priest.
The orc priest is severely wounded.
The orc priest invokes the aid of Beogh against you.
Beogh smites you!
* * * LOW HITPOINT WARNING * * *
Your shield and plate armour prevent you from hitting the orc priest.
The orc priest is severely wounded.
The orc priest hits you but does no damage.
You closely miss the orc priest.
The orc priest is severely wounded.
The orc priest hits you with a +0 mace.
* * * LOW HITPOINT WARNING * * *
You closely miss the orc priest.
The orc priest shouts, "Beogh is our master!
Accept the truth or die!"
The orc priest is severely wounded.
The orc priest mumbles some strange prayers to Beogh against you.
Beogh smites you!
You die...

### #...#########
#....oo@....##
.......#####...#########
###.... #............#
#.... ##...#######.#
..o... ##.## #.# #.#.#.o
#.# #.# #.#o#.. #.# #.#
##.# #.. ##'## #.# ...
##...## #.##


You could see an orc priest and an orc.

Vanquished Creatures
  5 adders
  An ooze (D:2)
  3 worms
  2 dart slugs
  2 leopard geckos (D:3)
  4 orcs (D:3)
  4 bats
  5 giant cockroaches (D:3)
  3 goblins
  9 hobgoblins
  7 jackals
  5 kobolds
  A quokka (D:2)
  2 ball pythons
  4 frilled lizards
  8 rats
65 creatures vanquished.

Notes
Turn   | Place    | Note
-------+----------+-------------------------------------------
     0 | D:1      | Donthurtboomboom the Hill Orc Fighter began the quest for
                  | the Orb.
     0 | D:1      | Reached XP level 1. HP: 19/19 MP: 1/1
   323 | D:1      | Reached XP level 2. HP: 26/27 MP: 2/2
  1159 | D:2      | Reached XP level 3. HP: 17/33 MP: 3/3
  1650 | D:2      | Found a stormy altar of Qazlal.
  1681 | D:2      | Found a hazy altar of Hepliaklqana.
  3020 | D:3      | Reached XP level 4. HP: 40/40 MP: 4/4
  3264 | D:3      | Found a glowing drain.
  3775 | D:3      | Reached XP level 5. HP: 46/46 MP: 5/5
  4137 | D:3      | Killed from afar by an orc priest

Levels and vault maps discovered:
D:1:      tarquinn_simple_flora_water_c, layout_basic
D:2:      layout_basic, old_standard_altar, nicolae_qazlal_general_emergency
D:3:      layout_loops_corners, first_ration, portal_sewer_entry_e,
          skrybe_limestone_x

Table legend:
 A = Non-vault XP
 B = Vault XP
 C = Vault XP percentage of total XP
 D = Non-vault monster count
 E = Vault monster count
 F = Vault count percentage of total count
                 A         B        C        D         E       F
            +---------+---------+-------+---------+---------+-------
      Total |     180 |      11 |   5.8 |      57 |       8 |  12.3
            +---------+---------+-------+---------+---------+-------
        D:1 |      17 |       0 |   0.0 |       8 |       0 |   0.0
        D:2 |      60 |       0 |   0.0 |      22 |       0 |   0.0
        D:3 |     103 |      11 |   9.6 |      27 |       8 |  22.9
            +---------+---------+-------+---------+---------+-------
